Map: Ruby Rock LE

Players

Zeatalion

  • Race: Protoss Protoss
  • League: Gold
  • Spawn Location: 5:00

SCIInewby - Winner!

  • Race: Zerg Zerg
  • League: Master
  • Spawn Location: 11:00

VOD

Have the link to the VOD?

Description

Time

  • Played on: Feb. 6, 2026, 11:35 a.m.
  • Length: 3:46
Show
View Real Time Build Order
Export as new Build Order

Zeatalion Protoss 

Build Orders:  

Get SALT Encoding   

  12  0:00  Probe  
  13  0:12  Probe  
  14  0:21  Pylon  
  14  0:26  Probe  
  15  0:38  Probe  
  15  0:42  Gateway  
  16  0:46  Probe  
  16  0:54  Probe  
  16  0:55  Assimilator  
  18  1:07  Assimilator  
  18  1:08  Probe  
  19  1:20  Probe  
  20  1:31  Cybernetics Core  
  20  1:34  Gateway  
  20  1:41  Probe  
  21  1:49  Probe  
  22  1:59  Probe  
  22  2:11  Probe  
  22  2:13  Pylon  
  23  2:22  Pylon  
  23  2:36  Pylon  
  25  2:44  Probe  
  26  2:56  Adept, Probe  
  26  3:02  Pylon  
  23  3:14  Pylon  
  24  3:20  Probe  
Show
View Real Time Build Order
Export as new Build Order

SCIInewby Zerg - Winner!

Build Orders: Pool First 

Get SALT Encoding   

  12  0:01  Drone  
  13  0:13  Drone  
  14  0:20  Extractor, Drone  
  14  0:24  Overlord  
  15  0:42  Spawning Pool  
  14  0:44  Drone  
  15  0:51  Extractor  
  15  0:53  Drone  
  15  0:54  Drone  
  16  1:09  Drone x2  
  17  1:29  Zergling x2  
  18  1:33  Zergling x2  
  19  1:45  Zergling x2  
  20  1:47  Queen  
  22  2:00  Overlord  
  22  2:04  Metabolic Boost  
  22  2:18  Zergling x2  
  22  2:19  Zergling x2  
  24  2:24  Zergling x2  
  25  2:34  Zergling x2  
  26  2:39  Hatchery  
  26  2:44  Zergling x2  
  24  3:20  Zergling x8  
Tags
 
Matchup
PvZ
Opening
Pool First
Replay Pack
Multiplayer
Spawn Locations
Cross Positions
Add a new tag
Caveats
  • Supply blocks, unpowered buildings, or Contaminate may cause inaccurate times.
  • Supply counts are checked every 10 seconds.